 Dungeon Crawl Stone Soup version 0.28.0-43-g3370ac3207 (webtiles) character file.

Game seed: 17115523740344762158

173 zeratav the Insei (level 5, 0/35 HPs)
             Began as an Octopode Transmuter on Apr 1, 2022.
             Slain by a hound (1 damage)
             ... on level 3 of the Dungeon.
             The game lasted 00:14:36 (3761 turns).

zeratav the Insei (Octopode Transmuter)             Turns: 3761, Time: 00:14:37

Health: 0/35       AC:  1    Str:  9    XL:     5   Next: 53%
Magic:  8/8        EV: 13    Int: 18    God:
Gold:   146        SH:  0    Dex: 12    Spells: 7/8 levels left

rFire   . . .      SeeInvis .     - Unarmed
rCold   . . .      Faith    .   (no shield)
rNeg    . . .      Spirit   .   (helmet currently unavailable)
rPois   .          Reflect  .   (no amulet)
rElec   .          Harm     .   (no ring)
rCorr   .          Rampage  .   (no ring)
Will    .....                   (no ring)
Stlth   ++........              (no ring)
HPRegen 0.11/turn               (no ring)
MPRegen 0.11/turn               (no ring)
                                (no ring)
                                (no ring)

@: appendages
A: tentacle spike 3, almost no armour, amphibious, 8 rings, camouflage 1,
gelatinous body 1, (nimble swimmer 1), tentacles
a: End Transformation


You were on level 3 of the Dungeon.
One of your tentacles had grown a beastly spike.
You visited 1 branch of the dungeon, and saw 4 of its levels.

You collected 146 gold pieces.

Inventory:

Hand Weapons
 j - a +0 hunting sling
Missiles
 b - 141 stones
 i - 6 poisoned darts (quivered)
Scrolls
 a - 2 scrolls of blinking
 g - 2 scrolls of identify
 h - a scroll of silence {unknown}
 m - a scroll of fog {unknown}
Potions
 c - a potion of lignification {unknown}
 d - a potion of might {unknown}
 e - a potion of mutation {unknown}
 f - a potion of attraction {unknown}
 k - a potion of invisibility {unknown}
 l - 2 potions of resistance {unknown}


   Skills:
 * Level 2.7 Fighting
 - Level 0.1 Slings
 + Level 2.6 Dodging
 + Level 4.9 Unarmed Combat
 + Level 2.0 Spellcasting
 + Level 2.1 Transmutations
 * Level 0.2 Poison Magic


You had 7 spell levels left.
You knew the following spells:

 Your Spells              Type           Power      Damage    Failure   Level
a - Beastly Appendage     Tmut           18%        N/A       8%          1

Your spell library contained the following spells:

 Spells                   Type           Power      Damage    Failure   Level
 Wereblood                Tmut           9%         N/A       12%         2
 Spider Form              Tmut/Pois      5%         N/A       34%         3
 Ice Form                 Ice/Tmut       5%         N/A       75%         4


Dungeon Overview and Level Annotations

Branches:
Dungeon (4/15)
 Temple: D:4-7

Altars:


Innate Abilities, Weirdness & Mutations

One of your tentacles has grown a beastly spike.
You cannot wear most types of armour.
You are amphibious.
You can wear up to eight rings at the same time.
Your skin changes colour to match your surroundings (Stealth+).
Your rubbery body absorbs attacks. (AC +1, EV +1)
((You are camouflaged when in or above water. (Stealth+)))
You have tentacles for arms and can constrict up to eight enemies at once.


Message History

The hound barks!
You grab the kobold.
Your tentacle spike misses the kobold.
You squeeze the kobold.
You kill the kobold!
An endoplasm comes into view.
The goblin misses you.
You bludgeon the goblin!
You kill the goblin!
You closely miss the adder. Your grab misses the adder.
You tentacle-slap the adder, but do no damage.
The adder barely misses you.
The ufetubus hits you. x2; The adder bites you.
You are poisoned.
The adder poisons you!
You tentacle-slap the adder. You grab the adder.
You pierce the adder.
The adder is almost dead.
You constrict the adder.
You kill the adder!
You feel sick. The ufetubus misses you. The ufetubus hits you.
An orc wizard comes into view. It is wielding a +0 dagger.
The ufetubus closely misses you. x2
You feel sick. The hound bites you. The ufetubus hits you.
The ufetubus barely misses you.
You climb upwards.
You feel sick.
There is a stone staircase leading down here.
You tentacle-slap the hound. You grab the hound.
You pierce the hound, but do no damage.
The hound is moderately wounded.
You constrict the hound, but do no damage.
You feel sick.
You are no longer poisoned.
The hound bites you.
* * * LOW HITPOINT WARNING * * *
The ufetubus hits you.
* * * LOW HITPOINT WARNING * * *
The ufetubus barely misses you. The ufetubus hits you.
* * * LOW HITPOINT WARNING * * *
The ufetubus hits you.
* * * LOW HITPOINT WARNING * * *
The hound bites you.
You die...

#..##### #.# #.#########.
#......# #.# #...........
#.####.# #.# #........... #.#
#.# #<# #.########.. #.# #.#
#.# #.########..
##.####.####.# #.#....<....
...........#.# #.#.######.#
.######.##.#.#########.#.#
#.#
>..............5@h.......####
#..
.######.###########.........#
### ........# #.##.####.# #
≈#####..# #.##.# #.# # ≈≈##
#..# #(##.# #.# # ≈≈≈# #..#
#.##.# #.# # .≈≈# #..#
#.##.####.# # .≈≈#
#..###########....#....# #
.≈≈#
#...................#..#####


You could see a hound and an ufetubus.

Vanquished Creatures
  A necrophage (D:3)
  2 adders
  A worm (D:3)
  2 dart slugs (D:3)
  4 orcs (D:3)
  4 endoplasms
  A giant cockroach (D:1)
  7 goblins
  6 hobgoblins
  9 jackals
  A quokka (D:2)
  3 ball pythons
  3 bats
  5 frilled lizards
  6 kobolds
  4 rats
59 creatures vanquished.

Notes
Turn   | Place    | Note
-------+----------+-------------------------------------------
     0 | D:1      | zeratav the Octopode Transmuter began the quest for the
                  | Orb.
     0 | D:1      | Reached XP level 1. HP: 13/13 MP: 3/3
   244 | D:1      | Reached XP level 2. HP: 9/18 MP: 5/5
  1155 | D:2      | Found a faded altar of an unknown god.
  1179 | D:2      | Reached XP level 3. HP: 19/23 MP: 6/6
  1255 | D:2      | You fall into a shaft and drop 1 floor!
  2171 | D:3      | Reached skill level 4 in Unarmed Combat
  2695 | D:3      | Reached XP level 4. HP: 27/29 MP: 5/7
  2919 | D:3      | Noticed a necrophage
  3032 | D:3      | Killed a necrophage
  3033 | D:3      | Reached XP level 5. HP: 15/35 MP: 8/8
  3366 | D:3      | Noticed an ice beast
  3761 | D:3      | HP: 1/35 [ufetubus (1)]
  3761 | D:3      | Slain by a hound

Illustrated notes

Levels and vault maps discovered:
D:1:      psy_arrival_whirlpool, layout_loops_ring
D:2:      layout_basic, hellmonk_ecumenical_altar_inner_sanctum
D:3:      kennysheep_goblin_castle, layout_loops_ring
D:4:      layout_rooms, mainiacjoe_overflow_six_doors_small,
          minmay_diced_spiral, uniq_sigmund

Skill      XL: |  1  2  3  4 |
---------------+-------------+-----
Unarmed Combat | 4 |  4.9
Fighting       | 2 |  2.7
Slings         | |  0.1
Dodging        | |  2.6
Spellcasting   | |  2.0
Transmutations | |  2.1
Poison Magic   | |  0.2

Action                   |  1- 3 |  4- 6 || total
-------------------------+-------+-------++-------
Melee: Unarmed           |    93 |    39 ||   132
       Constrict         |    26 |    14 ||    40
       Kick              |    21 |    14 ||    35
       Punch             |     2 |     6 ||     8
       Tentacles         |    10 |    11 ||    21
 Fire: Hunting sling     |     6 |    23 ||    29
Throw: Stone             |     4 |       ||     4
 Cast: Beastly Appendage |    24 |     6 ||    30
  Use: Scroll            |     2 |       ||     2
 Stab: Sleeping          |     5 |       ||     5
Armor: Skin              |    10 |     2 ||    12
Dodge: Dodged            |    59 |    26 ||    85
